 Dungeon Crawl Stone Soup version 0.31-a0-193-gdfe2569204 (webtiles) character file.

Game seed: 7177804000750627632

61 qw the Shooter (level 3, -1/20 HPs)
             Began as a Deep Elf Hunter on June 23, 2023.
             Slain by Grinder (2 damage)
             ... on level 3 of the Dungeon.
             The game lasted 00:00:54 (2053 turns).

qw the Shooter (Deep Elf Hunter)                    Turns: 2053, Time: 00:00:54

Health: -1/20      AC:  3    Str: 10    XL:     3   Next: 83%
Magic:  5/5        EV: 12    Int: 13    God:
Gold:   76         SH:  0    Dex: 18    Spells: 2/2 levels left

rFire   . . .        Y - +1 shortbow
rCold   . . .        (shield currently unavailable)
rNeg    . . .        c - +0 leather armour
rPois   .            (no helmet)
rElec   .            (no cloak)
rCorr   .            (no gloves)
SInv    .            (no boots)
Will    .....        (no amulet)
Stlth   ++           (no ring)
HPRegen 0.23/turn    (no ring)
MPRegen 0.09/turn

%: no passive effects
@: no status effects
A: no striking features
a: no special abilities


You were on level 3 of the Dungeon.
You visited 1 branch of the dungeon, and saw 3 of its levels.

You collected 76 gold pieces.


   Skills:
 - Level 1.5 Fighting
 + Level 7.3 Ranged Weapons
 - Level 2.4 Dodging
 - Level 1.2 Stealth


You had 2 spell levels left.
You didn't know any spells.
Your spell library was empty.

Inventory:

Hand Weapons
 Y - a +1 shortbow (weapon)
Armour
 c - a +0 leather armour (worn)
 e - a +0 pair of boots
Jewellery
 k - a ring of ice
Scrolls
 b - 2 scrolls of identify
 d - a scroll of fear {unknown}
Potions
 a - a potion of curing {unknown}
 f - a potion of brilliance {unknown}
 i - a potion of haste
 j - a potion of enlightenment {unknown}
 l - a potion of magic {unknown}

Dungeon Overview and Level Annotations

Branches:
Dungeon (3/15)

Altars:

Shops:
D:2 [

Annotations:
D:3 Grinder


Message History

Found a pair of boots.
Found a stone staircase leading down.
You shoot an arrow. The arrow hits the ball python.
The ball python hisses angrily.
The ball python is moderately wounded.
You shoot an arrow. The arrow hits the ball python!
You kill the ball python!
There is an open door here.
e - a +0 pair of boots
There is a stone staircase leading down here.
You open the door.
There is an open door here.
Found a stone staircase leading up.
Enter note:
Enter note: Grinder comes into view.
There is a shaft here.
Enter note:
Enter note: You shoot an arrow.
The arrow completely misses Grinder.
Grinder shouts!
Grinder blinks!
You shoot an arrow. The arrow barely misses Grinder.
You shoot an arrow. The arrow closely misses Grinder.
Grinder gestures at you. Pain shoots through your body!
Ouch! That really hurt!
You shoot an arrow. The arrow hits Grinder.
Grinder is lightly wounded.
You shoot an arrow. The arrow barely misses Grinder.
Grinder hits you.
You shoot an arrow. The arrow closely misses Grinder.
Grinder hits you but does no damage.
You shoot an arrow. The arrow closely misses Grinder.
Grinder gestures at you. Pain shoots through your body!
You shoot an arrow. The arrow hits Grinder.
Grinder is lightly wounded.
Grinder says, "Just stop there for a second..."
Grinder hits you.
You writhe in agony.
You die...

####.# ..#.## .....
..#.# ##<..# ########
....#
#####......#####5..#.#
....'...........@....#
#####......###########
..##...........#
..##...........#
...+...........#
..##...........####
...'...............
####...###...%%#####
##### #.......%.#


You could see Grinder.

Vanquished Creatures
  An adder (D:3)
  A dart slug (D:1)
  6 endoplasms
  5 giant cockroaches
  A goblin (D:1)
  7 hobgoblins
  3 jackals (D:3)
  A quokka (D:1)
  5 ball pythons
  3 bats
  2 frilled lizards (D:2)
  3 kobolds
  10 rats
48 creatures vanquished.

Notes
Turn   | Place    | Note
-------+----------+-------------------------------------------
     0 | D:1      | qw the Deep Elf Hunter began the quest for the Orb.
     0 | D:1      | Reached XP level 1. HP: 12/12 MP: 3/3
     0 | D:1      | 0 ||| qw: Version: 0.3-a-9-g12657ce
     0 | D:1      | 0 ||| qw: Game counter: 4618
     0 | D:1      | 0 ||| qw: Always use a shield: true
     0 | D:1      | 0 ||| qw: God list: Okawaru
     0 | D:1      | 0 ||| qw: Allow faded altars: false
     0 | D:1      | 0 ||| qw: Do Orc after D:15 true
     0 | D:1      | 0 ||| qw: Do second Lair branch before Depths: true
     0 | D:1      | 0 ||| qw: Lair rune preference: random
     0 | D:1      | 0 ||| qw: Plans: Normal
     0 | D:1      | 0 ||| PLANNING D:1-11
   223 | D:1      | Reached XP level 2. HP: 16/16 MP: 4/4
   225 | D:1      | Reached skill level 6 in Ranged Weapons
   755 | D:1      | Reached XP level 3. HP: 20/20 MP: 5/5
  1049 | D:1      | 1049 ||| READING scroll labelled FEKATW GILUD.
  1050 | D:1      | 1050 ||| READING scroll labelled PIALONWOAST.
  1051 | D:1      | 1051 ||| READING 2 scrolls labelled MIARANKUSS.
  1052 | D:1      | 1052 ||| READING scroll labelled TIOSAMELITZ.
  1053 | D:1      | 1053 ||| DRINKING 2 sedimented yellow potions.
  1054 | D:1      | 1054 ||| DROPPING scroll of butterflies.
  1055 | D:1      | 1055 ||| DROPPING scroll of revelation.
  1524 | D:2      | Found Korch's Antique Armour Shop.
  1781 | D:2      | Reached skill level 7 in Ranged Weapons
  1794 | D:2      | 1794 ||| SHOPLISTING ring mail (96 gold, have 76).
  1794 | D:2      | 1794 ||| SHOPLISTING runed leather armour (120 gold, have
                  | 76).
  1794 | D:2      | 1794 ||| SHOPLISTING scale mail (96 gold, have 76).
  1920 | D:2      | 1920 ||| Stepping randomly (stuck).
  2045 | D:3      | Noticed Grinder
  2053 | D:3      | HP: 1/20 [Grinder (6)]
  2053 | D:3      | Slain by Grinder

Levels and vault maps discovered:
D:1:      kilobyte_arrival_exit_the_forest, layout_basic
D:2:      layout_loops_ring, serial_shops, nicolae_shop_window_shopping
D:3:      layout_basic, uniq_ijyb, uniq_grinder

Skill      XL: |  1  2  3 |
---------------+----------+-----
Ranged Weapons | 6 7 |  7.3
Fighting       | |  1.5
Dodging        | |  2.4
Stealth        | |  1.2

Action                     || total
---------------------------++-------
   Fire: Shortbow          ||   131
    Use: Scroll            ||     4
         Potion            ||     1
 Armour: Leather armour    ||     5
  Dodge: Dodged            ||    29

Table legend:
 A = Non-vault XP
 B = Vault XP
 C = Vault XP percentage of total XP
 D = Non-vault monster count
 E = Vault monster count
 F = Vault count percentage of total count
                 A         B        C        D         E       F
            +---------+---------+-------+---------+---------+-------
      Total |      88 |       0 |   0.0 |      48 |       0 |   0.0
            +---------+---------+-------+---------+---------+-------
        D:1 |      44 |       0 |   0.0 |      27 |       0 |   0.0
        D:2 |      21 |       0 |   0.0 |      14 |       0 |   0.0
        D:3 |      23 |       0 |   0.0 |       7 |       0 |   0.0
            +---------+---------+-------+---------+---------+-------
